[Event "Titled Tuesday Blitz November 07 Early 2023"]
[White "Socko, Bartosz"]
[Black "Harsh Suresh"]
[WhiteFideId "1107038"]
[BlackFideId "45018464"]
[WhiteElo "2743"]
[BlackElo "2926"]
[Result "1-0"]
[Round "8"]
[TimeControl "180+1"]
[Date "2023.11.07"]
[WhiteClock "0:00:16"]
[BlackClock "0:00:04"]
[Board "41"]

1. g3 g6 2. Bg2 Bg7 3. d4 d5 4. Nf3 Nf6 5. O-O O-O 6. Nbd2 a5 7. c4 c6 8. b3 Re8 9. Bb2 Na6 10. Rc1 Bg4 11. h3 Bxf3 12. Bxf3 Qd7 13. Kh2 e6 14. Re1 Red8 15. c5 Ne4 16. Bxe4 dxe4 17. e3 f5 18. Nc4 Qc7 19. Qe2 Nb4 20. Ra1 Nd3 21. Red1 e5 22. dxe5 Nxc5 23. Bd4 Bf8 24. Rac1 b5 25. Bxc5 Bxc5 26. Nxa5 Rxd1 27. Qxd1 Ba3 28. Rxc6 Qxa5 29. Qd5+ Kh8 30. Rc7 Qxc7 31. Qxa8+ Kg7 32. Qxa3 Qxe5 33. Qc1 b4 34. a4 bxa3 35. Qxa3 Qc3 36. Qa2 h5 37. h4 Kh6 38. Kg2 Qe1 39. Qb2 Kh7 40. b4 Qd1 41. b5 Qf3+ 42. Kg1 Qd1+ 43. Kh2 f4 44. exf4 Qf3 45. b6 e3 46. fxe3 Qxe3 47. b7 Qe8 48. b8=Q Qxb8 49. Qxb8 Kg7 50. Qe5+ Kh7 51. Qg5 Kg7 52. f5 Kh7 53. Qxg6+ Kh8 54. Qf6+ Kg8 55. Qe7 Kh8 56. f6 Kg8 57. Qg7# 1-0


[Site "https://www.chess.com"]

[Event "Titled Tuesday Blitz November 07 Early 2023"]
[White "Atakhan, Abtin"]
[Black "Makhnev, Denis"]
[WhiteFideId "22502203"]
[BlackFideId "13707647"]
[WhiteElo "2717"]
[BlackElo "2919"]
[Result "0-1"]
[Round "8"]
[TimeControl "180+1"]
[Date "2023.11.07"]
[WhiteClock "0:00:00"]
[BlackClock "0:01:10"]
[Board "42"]

1. Nf3 d5 2. g3 Nc6 3. d4 Bf5 4. Bg2 e6 5. O-O Nb4 6. Na3 Nf6 7. c3 Nc6 8. Ne5 Nxe5 9. dxe5 Nd7 10. e4 Bxe4 11. Bxe4 dxe4 12. Qa4 Bxa3 13. bxa3 O-O 14. Qxe4 Nc5 15. Qc4 b6 16. Be3 Qd3 17. Qg4 Nd7 18. Bf4 Rfd8 19. Rfd1 Qe4 20. Rd4 Nxe5 21. Qxg7+ Kxg7 22. Rxe4 Ng6 23. Bxc7 Rdc8 24. Be5+ Nxe5 25. Rxe5 Rxc3 26. a4 Ra3 27. Re4 Rd8 28. Rc1 Rd7 29. Rc2 h5 30. h4 Rd5 31. Rc7 Rf5 32. Rc2 Ra5 33. Rc7 R3xa4 34. Rxe6 Rxa2 35. Ree7 Rf5 36. Rxa7 Raxf2 37. Ra1 R2f3 38. Kg2 Rb3 39. Rb7 Rb2+ 40. Kg1 Rf3 41. Rf1 Rxf1+ 42. Kxf1 Kg6 43. Ke1 f6 44. Kf1 b5 45. Rb6 Kf5 46. Kg1 b4 47. Rb5+ Kg4 48. Kf1 b3 49. Ke1 Kxg3 50. Rxh5 Rh2 51. Rb5 b2 52. Kd1 Kxh4 0-1


[Site "https://www.chess.com"]

[Event "Titled Tuesday Blitz November 07 Early 2023"]
[White "Halkias, Stelios"]
[Black "Baskakov, Egor"]
[WhiteFideId "4201809"]
[BlackFideId "24197866"]
[WhiteElo "2728"]
[BlackElo "2907"]
[Result "0-1"]
[Round "8"]
[TimeControl "180+1"]
[Date "2023.11.07"]
[WhiteClock "0:00:01"]
[BlackClock "0:00:03"]
[Board "43"]

1. Nf3 Nf6 2. d4 e6 3. c4 d5 4. g3 Ne4 5. Bg2 Be7 6. O-O O-O 7. Nbd2 f5 8. Qc2 c6 9. b3 Bd7 10. Bb2 Be8 11. Ne5 Nd7 12. Nd3 g5 13. Nf3 Rc8 14. Nfe5 Nxe5 15. dxe5 Bg6 16. Rad1 f4 17. Qc1 Qe8 18. c5 b6 19. b4 a5 20. a3 axb4 21. axb4 bxc5 22. bxc5 Ra8 23. f3 Nxg3 24. hxg3 fxg3 25. Qe3 Bxd3 26. Rxd3 Qh5 27. Rc1 Qh2+ 28. Kf1 Ra2 29. Rb3 g4 30. Rb7 gxf3 31. exf3 Qh4 32. Ra1 Bg5 33. Qd3 Rxa1+ 34. Bxa1 Ra8 35. Bb2 Qh2 36. f4 Rf8 37. Bd4 Rxf4+ 38. Ke1 Rxd4 39. Qxd4 Qxg2 40. Rb8+ Kf7 41. Rb7+ Ke8 42. Rb8+ Kd7 43. Rb2 Qh1+ 44. Ke2 g2 45. Qd3 Qh5+ 46. Kf2 Qh1 47. Kf3 g1=Q+ 48. Ke2 Qhg2# 0-1


[Site "https://www.chess.com"]

[Event "Titled Tuesday Blitz November 07 Early 2023"]
[White "Wagner, Dennis"]
[Black "Zhigalko, Sergei"]
[WhiteFideId "24650684"]
[BlackFideId "13502956"]
[WhiteElo "2717"]
[BlackElo "2880"]
[Result "0-1"]
[Round "8"]
[TimeControl "180+1"]
[Date "2023.11.07"]
[WhiteClock "0:00:17"]
[BlackClock "0:00:08"]
[Board "44"]

1. d4 Nf6 2. c4 e6 3. Nf3 b6 4. g3 Ba6 5. b3 Bb4+ 6. Bd2 Be7 7. Bg2 c6 8. O-O d5 9. Qc2 Nbd7 10. Rd1 O-O 11. a4 Ne4 12. Ne5 Nxe5 13. Bxe4 Ng6 14. Bg2 Qd7 15. a5 b5 16. c5 e5 17. e3 e4 18. b4 h5 19. f3 exf3 20. Bxf3 h4 21. Nc3 Rae8 22. g4 Bg5 23. Re1 h3 24. Qf5 Qd8 25. Bh1 Bc8 26. Qf3 f5 27. Rf1 fxg4 28. Qe2 Bf5 29. Rxf5 Rxf5 30. Qxg4 Qf6 31. Qxh3 Rf2 32. Rf1 Rxf1+ 33. Qxf1 Bxe3+ 34. Bxe3 Qxf1+ 35. Kxf1 Rxe3 36. Nxd5 cxd5 37. Bxd5+ Kf8 38. Bb7 Rc3 39. d5 Ne5 40. Ke2 Ke7 41. Kd2 Rc4 42. a6 Rxb4 43. d6+ Kd7 44. Bd5 Rd4+ 45. Ke3 Rxd5 46. Ke4 Rxc5 0-1


[Site "https://www.chess.com"]

[Event "Titled Tuesday Blitz November 07 Early 2023"]
[White "Martinez Ramirez, Lennis"]
[Black "Timofeev, Artyom"]
[WhiteFideId "3509079"]
[BlackFideId "4140419"]
[WhiteElo "2716"]
[BlackElo "2843"]
[Result "0-1"]
[Round "8"]
[TimeControl "180+1"]
[Date "2023.11.07"]
[WhiteClock "0:00:00"]
[BlackClock "0:00:07"]
[Board "45"]

1. e4 c6 2. Nc3 d5 3. Nf3 dxe4 4. Nxe4 Nf6 5. Qe2 Bf5 6. Nxf6+ gxf6 7. d3 h5 8. Bd2 Nd7 9. Bc3 h4 10. Nd4 Bg6 11. O-O-O Qc7 12. Kb1 O-O-O 13. Nb3 Nb6 14. Qe1 e5 15. Be2 Kb8 16. Bf3 Nd5 17. Ba5 b6 18. Bd2 c5 19. g3 c4 20. dxc4 Qxc4 21. Rc1 Nb4 22. Bxb4 Qxb4 23. Qe2 Bh6 24. Rcd1 Rc8 25. Na1 Rc7 26. a3 Qc4 27. Qxc4 Rxc4 28. Bd5 Rc7 29. Rhe1 Rd8 30. Bf3 Rcd7 31. Rxd7 Rxd7 32. Nb3 a5 33. a4 Rc7 34. Be4 f5 35. Bd5 f4 36. Be4 f5 37. Bd5 e4 38. Nd4 Rd7 39. c4 f3 40. Nc6+ Kc7 41. Ne5 Rd6 42. Nxg6 Rxg6 43. Kc2 Bf8 44. Rf1 Bc5 45. Kd2 Kd6 46. Kc2 Ke5 47. b3 Rh6 48. Kd2 hxg3 49. hxg3 Rh2 50. Ke1 Bb4+ 51. Kd1 Bc5 52. Ke1 f4 53. gxf4+ Kxf4 54. Bc6 Bb4+ 55. Kd1 Bc3 56. Bd5 Rg2 57. Bc6 Bd4 58. Ke1 Rg7 59. Kd1 Rh7 60. Bd5 Rh4 61. Ke1 Ke5 62. Bc6 Kd6 63. Bd5 Kc5 64. Kd2 Kb4 65. Kc2 Bc5 66. Kb2 Rf4 67. Kc2 Rg4 68. Bc6 Rh4 69. Bd5 Rh2 70. Bxe4 Bxf2 71. Bxf3 Bc5+ 72. Kd3 Kxb3 73. Rb1+ Kxa4 74. Bc6+ Ka3 75. Bb5 Ka2 76. Rf1 Rh3+ 77. Kc2 Rh2+ 78. Kc3 Bb4+ 79. Kd3 Kb3 80. Rb1+ Ka3 81. Rf1 Kb2 82. Rf4 Bc5 0-1


[Site "https://www.chess.com"]

[Event "Titled Tuesday Blitz November 07 Early 2023"]
[White "MKlose11"]
[Black "Pendos666"]
[WhiteElo "2709"]
[BlackElo "2825"]
[Result "0-1"]
[Round "8"]
[TimeControl "180+1"]
[Date "2023.11.07"]
[WhiteClock "0:00:05"]
[BlackClock "0:00:48"]
[Board "46"]

1. e4 c5 2. Nc3 a6 3. g3 b5 4. Bg2 Bb7 5. d3 b4 6. Nce2 d5 7. Nf3 dxe4 8. Ng5 Nf6 9. O-O e6 10. Nxe4 Nxe4 11. Bxe4 Bxe4 12. dxe4 Qb6 13. a3 Be7 14. axb4 cxb4 15. Be3 Qb7 16. f3 O-O 17. Nd4 Rd8 18. Qe2 Bf6 19. Rad1 Nd7 20. Bf2 Nc5 21. b3 Rac8 22. Rd2 Bg5 23. Rdd1 g6 24. h4 Be7 25. h5 e5 26. hxg6 hxg6 27. Nf5 gxf5 28. exf5 Rxd1 29. Rxd1 Bf6 30. Rd6 Rc6 31. Bxc5 Rxc5 32. Rxf6 Qc7 33. Qe3 Rxc2 34. Qg5+ Kf8 35. Qg6 Qc5+ 36. Kh1 Qd5 37. Rxf7+ Qxf7 38. Qd6+ Kg8 39. Qd8+ Qf8 40. Qg5+ Qg7 41. Qd8+ Kh7 42. f6 Qh6+ 43. Kg1 Qc1+ 0-1


[Site "https://www.chess.com"]

[Event "Titled Tuesday Blitz November 07 Early 2023"]
[White "Dowgird, Filip"]
[Black "Mikhailovsky, Vladimir"]
[WhiteFideId "1121235"]
[BlackFideId "34105414"]
[WhiteElo "2661"]
[BlackElo "2824"]
[Result "1-0"]
[Round "8"]
[TimeControl "180+1"]
[Date "2023.11.07"]
[WhiteClock "0:00:07"]
[BlackClock "0:00:00"]
[Board "47"]

1. d4 d5 2. Bf4 c5 3. e3 Nf6 4. c3 e6 5. Nd2 Bd6 6. Bg3 O-O 7. Ngf3 Qc7 8. Bd3 Nbd7 9. O-O e5 10. dxe5 Nxe5 11. Nxe5 Bxe5 12. Nf3 Bxg3 13. hxg3 Bg4 14. Qa4 c4 15. Bc2 b5 16. Qxb5 Rab8 17. Qa6 Rxb2 18. Nd4 Rb6 19. Qa3 Bc8 20. Rfb1 Ra6 21. Qc1 Qe5 22. Rb5 Ng4 23. e4 Qh5 24. Nf3 Rh6 25. Nh4 Qe5 26. Rxd5 Qxc3 27. Ba4 Qf6 28. Qe1 Be6 29. Rdd1 Rxh4 30. gxh4 Qxh4 31. f3 Qh2+ 32. Kf1 Ne5 33. Qf2 Nd3 34. Qg1 Qg3 35. Rd2 Rd8 36. Bc2 Bh3 37. Bxd3 Qxf3+ 38. Qf2 Bxg2+ 39. Kg1 Qh3 40. Qxg2 Qe3+ 41. Qf2 Qg5+ 42. Kf1 cxd3 43. Rad1 Qh5 44. Rxd3 Qh1+ 45. Ke2 Qh5+ 46. Qf3 Qb5 47. Rd2 Re8 48. Qe3 h6 49. Kf2 Qa5 50. Rd4 Qh5 51. Qf3 Qh4+ 52. Qg3 Qf6+ 53. Kg2 Qe6 54. Rd8 Qe7 55. Rxe8+ Qxe8 56. Qf3 Qe6 57. Kf2 g6 58. Qe3 Kh7 59. Ke2 Qc4+ 60. Qd3 Qe6 61. Kd1 h5 62. Rf2 Kg8 63. Qd5 Qe7 64. Rb2 Kh7 65. Rb7 Qe8 66. Qxf7+ Qxf7 67. Rxf7+ Kh6 68. Rxa7 Kg5 69. Ke2 Kf4 70. Rg7 g5 71. a4 h4 72. a5 h3 73. a6 h2 74. Rh7 h1=Q 75. Rxh1 1-0


[Site "https://www.chess.com"]

[Event "Titled Tuesday Blitz November 07 Early 2023"]
[White "Suyarov, Mukhammadzokhid"]
[Black "Shuvalova, Polina"]
[WhiteFideId "14210495"]
[BlackFideId "24171760"]
[WhiteElo "2815"]
[BlackElo "2660"]
[Result "1-0"]
[Round "8"]
[TimeControl "180+1"]
[Date "2023.11.07"]
[WhiteClock "0:01:26"]
[BlackClock "0:00:00"]
[Board "48"]

1. d4 Nf6 2. Nc3 d5 3. Bf4 a6 4. e3 e6 5. g4 Bb4 6. Ne2 O-O 7. a3 Bd6 8. g5 Ne8 9. h4 c5 10. dxc5 Bxc5 11. h5 Nc6 12. Bg2 e5 13. Bg3 d4 14. Ne4 Bb6 15. g6 fxg6 16. hxg6 h6 17. Qd3 Bf5 18. Bh4 Qc7 19. Qb3+ Kh8 20. Bg5 Bxg6 21. O-O-O Na5 22. Qd3 Qf7 23. Bxh6 gxh6 24. Rxh6+ Kg7 25. Rdh1 Nf6 26. N2g3 Ng4 27. Rh7+ Bxh7 28. Rxh7+ Kxh7 29. Ng5+ Kg7 30. Qh7+ Kf6 31. Nxf7 Rxf7 32. Qh4+ Kg7 33. Qxg4+ Kf8 34. Bd5 Rxf2 35. Qg8+ Ke7 36. Nf5+ Kf6 37. Qe6+ Kg5 38. Qxb6 Rxf5 39. Qxa5 Rh8 40. Qe1 dxe3 41. Qxe3+ Kf6 42. b3 Rh4 43. Qb6+ Kg5 44. Qxb7 e4 45. Bxe4 Re5 46. Qg7+ Kf4 47. Qf6+ 1-0


[Site "https://www.chess.com"]

[Event "Titled Tuesday Blitz November 07 Early 2023"]
[White "Thomforde-Toates, Noah"]
[Black "Materia, Marco"]
[WhiteFideId "30951992"]
[BlackFideId "45150451"]
[WhiteElo "2652"]
[BlackElo "2806"]
[Result "0-1"]
[Round "8"]
[TimeControl "180+1"]
[Date "2023.11.07"]
[WhiteClock "0:00:07"]
[BlackClock "0:00:23"]
[Board "49"]

1. d4 Nf6 2. Nc3 d5 3. Bf4 a6 4. e3 e6 5. Bd3 c5 6. dxc5 Bxc5 7. Nf3 Nc6 8. O-O O-O 9. e4 d4 10. Ne2 Qe7 11. e5 Nd5 12. Bd2 h6 13. Re1 Rd8 14. a3 b5 15. Ng3 Bb7 16. Qe2 Qf8 17. Qe4 g6 18. Qh4 h5 19. Nxh5 gxh5 20. Qxh5 f5 21. exf6 Nxf6 22. Qg5+ Qg7 23. Qxc5 Rd5 24. Qb6 Re8 25. a4 Ne5 26. Kf1 Nxf3 27. gxf3 Qh8 28. Qxb7 Qxh2 29. Ke2 Re5+ 30. Be4 Rxe4+ 31. fxe4 Ng4 32. Rf1 Rf8 33. Be1 Ne3 34. e5 Qh5+ 35. f3 Nxf1 36. Kxf1 Rxf3+ 37. Bf2 Qh1+ 38. Ke2 Rxf2+ 39. Kxf2 Qxb7 40. Rg1+ Kf8 41. axb5 Qxb5 42. b3 d3 43. cxd3 Qxd3 44. Rg3 Qd2+ 45. Kg1 Ke8 46. Rg8+ Kd7 47. Ra8 Qe3+ 48. Kf1 Qf3+ 0-1


[Site "https://www.chess.com"]

[Event "Titled Tuesday Blitz November 07 Early 2023"]
[White "FoxOnTheRun97"]
[Black "Dragun, Kamil"]
[BlackFideId "1134167"]
[WhiteElo "2622"]
[BlackElo "2800"]
[Result "0-1"]
[Round "8"]
[TimeControl "180+1"]
[Date "2023.11.07"]
[WhiteClock "0:00:00"]
[BlackClock "0:00:36"]
[Board "50"]

1. d4 Nf6 2. Bg5 d5 3. Bxf6 exf6 4. e3 Bd6 5. g3 h5 6. h4 g6 7. Bg2 c6 8. Ne2 Kf8 9. b3 Nd7 10. c4 Bb4+ 11. Nbc3 Qa5 12. Qc2 dxc4 13. bxc4 Nb6 14. O-O Nxc4 15. Ne4 Na3 16. Qb2 Be7 17. d5 Nc4 18. Qd4 Qxd5 19. Qc3 Be6 20. Nxf6 Qe5 21. Nd7+ Bxd7 22. Qxc4 Be6 23. Qc2 Kg7 24. Rab1 Rab8 25. Qa4 a6 26. Nf4 Rhd8 27. Nxe6+ Qxe6 28. Rb2 Bf6 29. Rb3 c5 30. Rxb7 c4 31. Rc1 c3 32. Rc7 Rb2 33. Bf3 Rdd2 34. Rc6 Qf5 35. Rxf6 Qxf6 0-1


[Site "https://www.chess.com"]

[Event "Titled Tuesday Blitz November 07 Early 2023"]
[White "Yeremyan_ChessMate"]
[Black "Golubev, Mikhail"]
[BlackFideId "14100983"]
[WhiteElo "2775"]
[BlackElo "2621"]
[Result "1-0"]
[Round "8"]
[TimeControl "180+1"]
[Date "2023.11.07"]
[WhiteClock "0:00:50"]
[BlackClock "0:00:00"]
[Board "51"]

1. e4 c5 2. Nc3 Nc6 3. Bb5 Nd4 4. Bc4 e6 5. Nge2 Nf6 6. O-O a6 7. a4 d5 8. exd5 exd5 9. Ba2 Nxe2+ 10. Qxe2+ Be7 11. d3 h6 12. Bf4 O-O 13. Be5 Be6 14. Qf3 Ng4 15. Bg3 Nf6 16. Be5 Ng4 17. Bf4 Nf6 18. h3 Qd7 19. Be5 Rad8 20. Rae1 b5 21. axb5 axb5 22. Ne2 Ra8 23. Bb1 d4 24. Nf4 Bd5 25. Qg3 Bb7 26. c3 Rfd8 27. Bc2 dxc3 28. bxc3 Ra3 29. Re2 Kh8 30. Rfe1 g5 31. Nh5 Qc6 32. d4 Rxc3 33. d5 1-0


[Site "https://www.chess.com"]

[Event "Titled Tuesday Blitz November 07 Early 2023"]
[White "OPQRC"]
[Black "Liyanage, Ranindu Dilshan"]
[BlackFideId "9915834"]
[WhiteElo "2569"]
[BlackElo "2773"]
[Result "0-1"]
[Round "8"]
[TimeControl "180+1"]
[Date "2023.11.07"]
[WhiteClock "0:00:18"]
[BlackClock "0:00:53"]
[Board "52"]

1. e4 c5 2. Nf3 Nc6 3. b3 Nf6 4. e5 Nd5 5. Bb2 g6 6. Bb5 Bg7 7. Bxc6 dxc6 8. Nc3 Nc7 9. Qe2 Bg4 10. O-O-O Ne6 11. Ne4 Qd5 12. c4 Qd7 13. Qe3 b6 14. d4 cxd4 15. Nxd4 Bxd1 16. Rxd1 Nxd4 17. Rxd4 Qc7 18. Ng5 O-O 19. Rh4 h6 20. Nf3 Rad8 21. Rxh6 Qd7 22. Bc3 Qd3 0-1


[Site "https://www.chess.com"]

[Event "Titled Tuesday Blitz November 07 Early 2023"]
[White "Tikhonov, Viacheslav"]
[Black "Csonka, Balazs"]
[WhiteFideId "44196407"]
[BlackFideId "742910"]
[WhiteElo "2561"]
[BlackElo "2763"]
[Result "0-1"]
[Round "8"]
[TimeControl "180+1"]
[Date "2023.11.07"]
[WhiteClock "0:00:00"]
[BlackClock "0:00:02"]
[Board "53"]

1. e4 e6 2. d4 d5 3. exd5 Qxd5 4. Nf3 Nf6 5. Nc3 Bb4 6. Bd3 O-O 7. O-O Bxc3 8. bxc3 b6 9. c4 Qh5 10. Ne5 Qxd1 11. Rxd1 Bb7 12. c3 Rd8 13. Bf4 Nh5 14. Be3 Nc6 15. Be4 Na5 16. Bxb7 Nxb7 17. g4 Nf6 18. f3 Na5 19. Rdb1 Nd7 20. Nxd7 Rxd7 21. c5 f6 22. Kf2 Kf7 23. Rb4 Nc6 24. Ra4 bxc5 25. Rc4 cxd4 26. cxd4 Ne7 27. Rb1 Ke8 28. Rb7 c6 29. Rcb4 Rad8 30. Rxd7 Rxd7 31. Rc4 Kd8 32. h4 Kc7 33. h5 Nd5 34. Rc2 Kd6 35. Rb2 Kc7 36. Rc2 Kb7 37. Rb2+ Kc8 38. Rc2 Rc7 39. Ke2 Nb4 40. Rb2 Rb7 41. Bd2 Nd5 42. Rc2 Kd7 43. Rc5 Rb5 44. Rc4 Nb6 45. Rc3 Kc7 46. Ra3 Kb7 47. Re3 Rb2 48. Kd3 e5 49. dxe5 fxe5 50. Rxe5 Rxd2+ 51. Kc3 Rd7 52. g5 Rf7 53. Kc2 Kc7 54. f4 Nd7 55. Re4 Rf5 56. h6 gxh6 57. gxh6 Rf6 58. Ra4 Rxh6 59. Rxa7+ Kd6 60. Ra8 Rf6 61. Rh8 h6 62. Kb3 Nc5+ 63. Kb2 Nd3+ 64. Kc3 Nxf4 65. a4 Kc5 66. Rb8 Nd5+ 67. Kc2 Rf2+ 68. Kb1 Nc3+ 69. Kc1 Na2+ 70. Kb1 Nc3+ 71. Kc1 Nxa4 72. Ra8 Nb6 73. Ra3 Kb4 74. Rh3 Rf6 75. Rh4+ Nc4 76. Kc2 c5 77. Kd3 Rd6+ 78. Kc2 Kb5 79. Kb3 Na5+ 80. Kc2 Nc6 81. Kc3 Rg6 82. Kc2 Rg2+ 83. Kc1 Rg6 84. Rh5 Kb4 85. Kd2 c4 86. Rh4 Kb3 87. Kc1 c3 88. Rh1 Nb4 89. Kb1 Ra6 90. Rh2 c2+ 0-1


[Site "https://www.chess.com"]

[Event "Titled Tuesday Blitz November 07 Early 2023"]
[White "Samunenkov, Ihor"]
[Black "Kostiukov, Alexandr"]
[WhiteFideId "14187086"]
[BlackFideId "14108100"]
[WhiteElo "2758"]
[BlackElo "2471"]
[Result "1-0"]
[Round "8"]
[TimeControl "180+1"]
[Date "2023.11.07"]
[WhiteClock "0:01:35"]
[BlackClock "0:00:05"]
[Board "54"]

1. e4 c5 2. Nf3 g6 3. d4 cxd4 4. Nxd4 Bg7 5. c4 Nc6 6. Be3 Nf6 7. Nc3 O-O 8. Be2 Nxd4 9. Bxd4 Qa5 10. O-O d6 11. Rc1 Be6 12. f4 Rfc8 13. b3 Qd8 14. Kh1 a6 15. a4 Rab8 16. Qd3 Bg4 17. Bxg4 Nxg4 18. Nd5 e5 19. Bb6 Qh4 20. Qh3 Qxh3 21. gxh3 Nf6 22. Ne7+ Kf8 23. Nxc8 Rxc8 24. fxe5 dxe5 25. Rfe1 Nd7 26. Bf2 Ke8 27. Rcd1 Bf8 28. Rd5 f6 29. Red1 Rc7 30. a5 Bb4 31. Bb6 Nxb6 32. axb6 Rc6 33. Rd8+ Ke7 34. R1d7+ Ke6 35. Rxb7 1-0


[Site "https://www.chess.com"]

[Event "Titled Tuesday Blitz November 07 Early 2023"]
[White "Orozbaev, Eldiar"]
[Black "Marchesich, Giovanni"]
[WhiteFideId "13802240"]
[BlackFideId "2824790"]
[WhiteElo "2744"]
[BlackElo "2401"]
[Result "1-0"]
[Round "8"]
[TimeControl "180+1"]
[Date "2023.11.07"]
[WhiteClock "0:01:01"]
[BlackClock "0:00:00"]
[Board "55"]

1. e4 e5 2. Nf3 Nc6 3. d4 exd4 4. c3 d5 5. Bd3 dxc3 6. exd5 Qxd5 7. Nxc3 Bb4 8. O-O Bxc3 9. bxc3 Nge7 10. Qc2 h6 11. c4 Qh5 12. Bb2 O-O 13. Qc3 f6 14. Rae1 Bg4 15. Nd4 Ne5 16. Bc2 c5 17. Nb3 Be2 18. f4 Nxc4 19. Rxe2 Qxe2 20. Re1 Nd5 21. Rxe2 Nxc3 22. Bxc3 Rfe8 23. Be4 Nd6 24. Bd5+ Kf8 25. Rd2 Rac8 26. h3 Ne4 27. Bxe4 Rxe4 28. Rd7 Re7 29. Rd5 b6 30. Kf2 Rce8 31. Rd2 Re3 32. Be5 Re4 33. Bd6+ Kf7 34. Kf3 Re3+ 35. Kf2 R3e4 36. g3 Ra4 37. Bc7 Rae4 38. h4 R4e7 39. Bd8 Re6 40. Rd7+ Kg8 41. Nd2 Rc6 42. Nc4 Rce6 43. Nd6 Re2+ 44. Kf3 R8e3+ 45. Kg4 Rg2 46. Nf5 g6 47. Rg7+ Kh8 48. Rxg6 Rd3 49. Bxf6+ 1-0


[Site "https://www.chess.com"]

[Event "Titled Tuesday Blitz November 07 Early 2023"]
[White "Shimanov, Aleksandr"]
[Black "Shuvalov, Evgenij"]
[WhiteFideId "4198603"]
[BlackFideId "4187237"]
[WhiteElo "2940"]
[BlackElo "2472"]
[Result "0-1"]
[Round "8"]
[TimeControl "180+1"]
[Date "2023.11.07"]
[WhiteClock "0:00:02"]
[BlackClock "0:00:07"]
[Board "56"]

1. f4 d5 2. c4 d4 3. e4 dxe3 4. d4 e5 5. fxe5 Qh4+ 6. Ke2 Qf2+ 7. Kd3 Bf5+ 8. Kc3 Nc6 9. Nf3 Bb4+ 10. Kb3 Bc2+ 11. Qxc2 Na5+ 12. Kxb4 Qxc2 13. Nc3 Nc6+ 14. Ka3 a5 15. Bxe3 Nb4 16. Ne1 Qg6 17. Be2 Ne7 18. Bf3 Nec6 19. Rd1 O-O 20. Kb3 a4+ 21. Nxa4 Rxa4 22. Kxa4 Ra8+ 23. Kb3 Nxa2 24. Nd3 Na5+ 25. Kxa2 Nxc4+ 26. Kb1 Nxe3 27. Rd2 Nc4 28. Rdd1 Qa6 29. Rhe1 Qa4 30. Bd5 Qa2+ 31. Kc2 Na3+ 32. Kd2 Qxd5 33. bxa3 Rxa3 34. Ke2 Qxg2+ 35. Nf2 Ra2+ 36. Kd3 Qxf2 37. d5 Ra3+ 38. Ke4 Qf3+ 39. Kd4 Ra4+ 40. Kc5 Qc3+ 41. Kb5 Qa5# 0-1


[Site "https://www.chess.com"]

[Event "Titled Tuesday Blitz November 07 Early 2023"]
[White "Ashraf, Artin"]
[Black "Gubajdullin, Alexei"]
[WhiteFideId "22514805"]
[BlackFideId "4141202"]
[WhiteElo "2869"]
[BlackElo "2631"]
[Result "0-1"]
[Round "8"]
[TimeControl "180+1"]
[Date "2023.11.07"]
[WhiteClock "0:01:05"]
[BlackClock "0:01:58"]
[Board "57"]

1. e4 g6 2. d4 Bg7 3. c4 d6 4. Nc3 Nf6 5. h3 O-O 6. Be3 Na6 7. g4 e5 8. d5 Nc5 9. f3 a5 10. Nge2 c6 11. Ng3 cxd5 12. cxd5 a4 13. Qd2 Qa5 14. Be2 Bd7 15. h4 Rfc8 16. h5 a3 17. Nd1 axb2 18. Nxb2 Nb3 19. Qxa5 Rxa5 20. Rb1 Rxa2 21. Nc4 Nd4 22. Nxd6 Nxe2 23. Nxe2 Rcc2 24. Nc1 Ra3 25. Bd2 Bf8 26. Nxb7 Rxf3 0-1


[Site "https://www.chess.com"]

[Event "Titled Tuesday Blitz November 07 Early 2023"]
[White "Rustemov, Alexander"]
[Black "Kvaloy, Aksel Bu"]
[WhiteFideId "4119002"]
[BlackFideId "1528815"]
[WhiteElo "2822"]
[BlackElo "2627"]
[Result "1/2-1/2"]
[Round "8"]
[TimeControl "180+1"]
[Date "2023.11.07"]
[WhiteClock "0:00:04"]
[BlackClock "0:00:32"]
[Board "58"]

1. d4 Nf6 2. c4 e6 3. Nf3 d5 4. Nc3 Bb4 5. Bg5 h6 6. Bxf6 Qxf6 7. e3 O-O 8. Qb3 c5 9. cxd5 exd5 10. dxc5 Bxc3+ 11. Qxc3 Qxc3+ 12. bxc3 Be6 13. Bb5 Rc8 14. Nd4 Rxc5 15. Kd2 Nc6 16. Bxc6 bxc6 17. Rhb1 Rc8 18. a4 Ra5 19. Nb3 Ra6 20. Nc5 Rb6 21. a5 Rb5 22. Rxb5 cxb5 23. Nd3 Rc4 24. Nb4 Kf8 25. a6 Ke7 26. Ra5 Rc5 27. Nd3 Rc6 28. Nb4 Rb6 29. Kd3 Kd6 30. Kd4 Rb8 31. h4 g5 32. hxg5 hxg5 33. f3 f6 34. g3 Rb6 35. f4 gxf4 36. exf4 Rb8 37. Nc2 Bf7 38. Ne3 Be6 39. f5 Bf7 40. Ra3 Re8 41. g4 Re4+ 42. Kd3 Kc5 43. Ra1 Rf4 44. Rh1 d4 45. cxd4+ Rxd4+ 46. Ke2 Bc4+ 47. Nxc4 Kxc4 48. Rh7 Rxg4 49. Rxa7 Rf4 50. Rc7+ Kb3 51. Rb7 Ra4 52. Rxb5+ Kc4 53. Rb6 Kd5 54. Rxf6 Ke5 55. Rh6 Kxf5 56. Kd3 Ke5 57. Kc3 Kd5 58. Kb3 Ra1 59. Kb4 Rb1+ 60. Ka5 Kc5 61. Rh5+ Kc6 62. Rh4 Ra1+ 63. Ra4 Rxa4+ 64. Kxa4 Kb6 65. a7 Kxa7 1/2-1/2


[Site "https://www.chess.com"]

[Event "Titled Tuesday Blitz November 07 Early 2023"]
[White "mind1mover"]
[Black "Bodnaruk, Anastasia"]
[BlackFideId "4181751"]
[WhiteElo "2813"]
[BlackElo "2610"]
[Result "1-0"]
[Round "8"]
[TimeControl "180+1"]
[Date "2023.11.07"]
[WhiteClock "0:01:27"]
[BlackClock "0:00:41"]
[Board "59"]

1. Nf3 Nf6 2. b3 g6 3. Bb2 Bg7 4. g3 c5 5. Bg2 d6 6. O-O e5 7. e3 O-O 8. d4 cxd4 9. exd4 e4 10. Nfd2 d5 11. c4 Bf5 12. Nc3 dxc4 13. Nxc4 Nc6 14. d5 Nb4 15. Ne3 Nd3 16. Ba3 Re8 17. Qd2 Rc8 18. Nb5 Nxd5 19. Nxf5 gxf5 20. Nd6 Bf8 21. Nxc8 Bxa3 22. Nxa7 f4 23. Bxe4 N5b4 24. Bxd3 Qxd3 25. Qxf4 Qa6 26. Qg5+ Kh8 27. Nb5 Bb2 28. Nc7 1-0


[Site "https://www.chess.com"]

[Event "Titled Tuesday Blitz November 07 Early 2023"]
[White "Sharapov, Evgeny"]
[Black "Bacrot, Etienne"]
[WhiteFideId "14103133"]
[BlackFideId "605506"]
[WhiteElo "2611"]
[BlackElo "2809"]
[Result "0-1"]
[Round "8"]
[TimeControl "180+1"]
[Date "2023.11.07"]
[WhiteClock "0:01:03"]
[BlackClock "0:00:21"]
[Board "60"]

1. e4 c5 2. Nf3 d6 3. d4 cxd4 4. Nxd4 Nf6 5. Nc3 Nc6 6. g3 g6 7. Bg2 Bd7 8. Nde2 Bg7 9. O-O O-O 10. Nd5 Rc8 11. a4 Nxd5 12. exd5 Ne5 13. c3 a6 14. Nd4 Bg4 15. f3 Bd7 16. f4 Nc4 17. Kh1 b5 18. axb5 axb5 19. Re1 Rc7 20. Qe2 Bxd4 21. cxd4 Qc8 22. b3 Nb6 23. Bd2 Bh3 24. Rac1 Bxg2+ 25. Qxg2 Rxc1 26. Rxc1 Qf5 27. g4 Qxd5 28. Qxd5 Nxd5 29. f5 Ra8 30. Bh6 f6 31. h4 Kf7 32. Kh2 b4 33. Rc4 Rg8 34. Kh3 gxf5 35. gxf5 e6 36. fxe6+ Kxe6 37. Rc6 Ra8 38. Kg4 f5+ 39. Kh5 Nf6+ 40. Kg5 Rg8+ 41. Kf4 Rg4+ 42. Kf3 Rxh4 43. Bf4 Ne4 44. Rb6 Rh3+ 45. Kg2 Rxb3 46. Rb7 Kd5 47. Rxh7 Kxd4 48. Rf7 Rb2+ 49. Kf3 Rf2# 0-1


[Site "https://www.chess.com"]

[Event "Titled Tuesday Blitz November 07 Early 2023"]
[White "Szpar, Milosz"]
[Black "Kononenko, Dmitry"]
[WhiteFideId "1184989"]
[BlackFideId "14113538"]
[WhiteElo "2796"]
[BlackElo "2606"]
[Result "1-0"]
[Round "8"]
[TimeControl "180+1"]
[Date "2023.11.07"]
[WhiteClock "0:01:14"]
[BlackClock "0:01:15"]
[Board "61"]

1. e4 c6 2. d4 d5 3. e5 Bf5 4. h4 h5 5. c4 e6 6. Nc3 Bb4 7. Qb3 Bxc3+ 8. bxc3 Qc7 9. Ba3 Ne7 10. Nf3 O-O 11. Bd6 Qd7 12. Be2 Rd8 13. c5 Nc8 14. Ng5 Bg6 15. g4 hxg4 16. h5 Bf5 17. h6 gxh6 18. Rxh6 Kg7 19. Rf6 Nxd6 20. cxd6 Bg6 21. Bxg4 Qe8 22. Bxe6 Nd7 23. Bxf7 Qxf7 24. Nxf7 Bxf7 25. Rf4 b5 26. Kd2 Rg8 27. Rg1+ Kf8 28. e6 Rxg1 29. Rxf7+ Kg8 30. Rxd7 Rf8 31. Rf7 Rxf7 32. exf7+ Kxf7 33. Qa3 Ke6 34. Qxa7 Kxd6 35. Qc5+ Kd7 36. a3 Ra1 37. Ke3 Re1+ 38. Kf4 Re4+ 39. Kf5 Re1 40. f4 Rg1 41. Kf6 Rf1 42. Qe7+ Kc8 43. f5 Rf3 44. Ke6 Rxc3 45. Kd6 Kb8 46. f6 Rxa3 47. f7 Rf3 48. Kxc6 b4 49. Qb7# 1-0


[Site "https://www.chess.com"]